Map: Ruins of Seras

Players

MarineLorD - Winner!

  • Race: Terran Terran
  • League: Platinum

LiquidTLO (TLO)

  • Race: Zerg Zerg
  • League: Grandmaster

Event: TLO vs marinelord

VOD

https://www.youtube.com/watch?v=l38evqvA6Dg

Description

Time

  • Played on: Nov. 23, 2015, 12:59 p.m.
  • Length: 12:53

All games in this series

Show
View Real Time Build Order
Export as new Build Order

MarineLorD Terran - Winner!

Build Orders: Liberator Opening, Reaper Expand, Bio Tank 

Get SALT Encoding   

  12  0:01  SCV  
  13  0:13  SCV  
  14  0:18  Supply Depot  
  14  0:25  SCV  
  15  0:39  SCV  
  15  0:40  Barracks  
  16  0:46  Refinery  
  16  0:51  SCV  
  17  1:03  SCV  
  18  1:16  SCV  
  19  1:28  Reaper, Orbital Command  
  20  1:43  Command Center  
  20  1:55  SCV  
  20  1:56  Supply Depot  
  20  2:00  Marine  
  22  2:07  SCV  
  23  2:19  SCV, Factory  
  23  2:22  Barracks Reactor  
  24  2:31  SCV  
  25  2:42  Refinery  
  25  2:43  SCV  
  26  2:47  Bunker  
  26  2:55  SCV  
  26  2:56  Orbital Command  
  27  3:04  Starport  
  27  3:07  SCV  
  27  3:09  Hellion x2  
  27  3:12  Marine  
  32  3:18  Supply Depot  
  32  3:19  SCV  
  34  3:23  SCV  
  35  3:31  Hellion  
  35  3:32  Hellion, Marine  
  40  3:36  SCV  
  40  3:38  SCV  
  42  3:41  Medivac  
  42  3:48  Armory  
  44  3:49  SCV  
  44  3:52  SCV  
  46  3:56  Liberator  
  46  3:58  Marine  
  46  4:00  Hellion  
  46  4:01  Hellion  
  51  4:09  Supply Depot  
  54  4:21  Supply Depot  
  54  4:31  Supply Depot, SCV x2  
  56  4:34  Hellion x2, Barracks Tech Lab  
  60  4:43  SCV x2  
  62  4:51  Supply Depot, Liberator  
  62  4:55  SCV x2  
  64  5:07  SCV  
  64  5:08  Command Center  
  64  5:13  SCV  
  69  5:19  SCV  
  63  5:29  Marine x2  
  63  5:31  SCV  
  59  5:38  Refinery, Barracks  
  59  5:39  SCV, Refinery, Engineering Bay  
  59  5:41  Engineering Bay, Barracks  
  60  5:43  SCV  
  61  5:51  SCV  
  61  5:56  SCV, Medivac  
  62  5:57  Marine x2  
  62  5:58  Siege Tank  
  62  6:03  SCV  
  68  6:07  Terran Infantry Weapons Level 1, Terran Infantry Armor Level 1  
  68  6:08  SCV  
  69  6:12  Supply Depot  
  69  6:15  Marine  
  69  6:16  Marine  
  69  6:18  SCV  
  72  6:20  SCV  
  73  6:25  Barracks Tech Lab  
  73  6:26  Barracks  
  73  6:28  Barracks  
  73  6:30  Orbital Command  
  73  6:31  Barracks Tech Lab  
  73  6:32  SCV  
  74  6:33  Starport Reactor, Marine  
  74  6:36  SCV  
  76  6:41  Marine  
  76  6:44  SCV  
  78  6:48  SCV  
  78  6:50  Combat Shields, Marine x2  
  78  6:51  Stimpack  
  78  6:52  Orbital Command  
  81  6:56  SCV, Marine  
  81  7:00  Marine  
  84  7:02  SCV  
  84  7:07  Marine x2  
  87  7:08  SCV  
  87  7:14  SCV, Marine  
  87  7:17  Marine  
  87  7:19  Siege Tank  
  87  7:20  SCV  
  87  7:21  Terran Vehicle Weapons Level 1  
  93  7:23  Barracks Reactor x2, Refinery  
  93  7:25  Marine  
  93  7:26  SCV  
  93  7:29  SCV  
  95  7:32  SCV, Marine x2  
  95  7:34  Medivac x2  
  95  7:35  Marine  
  103  7:38  SCV  
  97  7:44  SCV  
  97  7:45  SCV  
  97  7:47  Refinery  
  97  7:49  Bunker  
  99  7:52  Supply Depot x2, Siege Tank  
  99  7:54  Supply Depot x2  
  99  7:55  Marine  
  99  7:57  SCV  
  104  8:02  Bunker  
  104  8:04  Medivac x2  
  108  8:05  Marine  
  108  8:10  Supply Depot  
  109  8:13  Supply Depot, Marine x4  
  109  8:15  SCV  
  115  8:20  Marine  
  115  8:23  Terran Infantry Weapons Level 2  
  115  8:27  Marine x3  
  115  8:30  Siege Tank  
  115  8:31  Marine x2  
  123  8:34  Medivac x2  
  123  8:35  Marine x2  
  123  8:38  Marine  
  130  8:42  Factory  
  130  8:45  Marine x3  
  133  8:49  Marine x2  
  133  8:51  Concussive Shells  
  133  8:52  Marine x2  
  137  8:56  Marine  
  137  9:02  Siege Tank  
  141  9:03  Marine x3  
  141  9:04  Medivac  
  141  9:06  Marine x2  
  146  9:10  Marine x2  
  146  9:12  Barracks  
  146  9:13  Supply Depot  
  146  9:14  Barracks, Marine  
  149  9:21  Marine x3  
  152  9:24  Marine x2  
  152  9:28  Marine, Medivac  
  157  9:33  Supply Depot x2  
  157  9:34  Supply Depot, Medivac, Marine x2  
  161  9:39  Marine x3  
  161  9:42  Marine  
  165  9:48  Marine  
  165  9:50  Siege Tank, Marine  
  165  9:52  Marine x2  
  163  9:56  Marine x2  
  163  9:57  Marine  
  140  10:00  Marine  
  140  10:05  Medivac  
  140  10:06  Marine  
  144  10:07  Marine  
  144  10:10  Marine x2  
  144  10:11  Barracks Tech Lab x2  
  144  10:12  Factory Tech Lab  
  139  10:14  Marine x3  
  139  10:18  Marine  
  143  10:22  Command Center, Siege Tank, Terran Infantry Armor Level 2  
  143  10:24  Marine  
  143  10:25  Terran Vehicle Weapons Level 2, Marine  
  143  10:27  Marine  
  143  10:28  Marine  
  150  10:32  Marine x3  
  150  10:34  Missile Turret  
  150  10:35  Siege Tank, Marine x2  
  156  10:36  Marine  
  156  10:42  Marine  
  160  10:43  Marine  
  160  10:45  Marine x2  
  163  10:50  Marine x3  
  163  10:53  Marine  
  163  10:54  Supply Depot  
  163  10:55  Siege Tank  
  163  10:56  Marine  
  171  10:57  Marine  
  171  11:01  Marine x2  
  174  11:07  Siege Tank  
  174  11:08  Marine  
  174  11:09  Marine  
  174  11:10  Marine  
  180  11:16  Supply Depot x2, Marine x2  
  180  11:17  Supply Depot  
  180  11:18  Marine x3  
  184  11:19  Marine  
  184  11:23  Marine  
  184  11:24  Ghost Academy  
  187  11:27  Siege Tank  
  188  11:33  Marine  
  188  11:36  Marine x2  
  188  11:37  Marine  
  188  11:39  Siege Tank, Marine x5  
  200  11:49  Marine  
  200  11:53  Marine x2  
  192  11:59  Siege Tank, Marine  
  191  12:04  Ghost x3  
  185  12:11  Siege Tank, Marine  
  185  12:14  Marine  
  185  12:15  Marine  
  193  12:28  Marine x2  
  189  12:31  Marine x3  
Show
View Real Time Build Order
Export as new Build Order

LiquidTLO Zerg 

Build Orders: Hatch First 

Get SALT Encoding   

  12  0:01  Drone  
  13  0:12  Overlord  
  13  0:18  Drone  
  14  0:30  Drone x2  
  16  0:49  Hatchery  
  15  0:53  Drone  
  15  0:56  Drone  
  17  1:03  Extractor  
  17  1:04  Drone  
  17  1:16  Spawning Pool  
  16  1:19  Drone  
  16  1:22  Drone  
  18  1:28  Drone  
  19  1:38  Overlord  
  19  1:50  Drone  
  20  2:02  Queen  
  20  2:03  Queen  
  20  2:06  Metabolic Boost  
  25  2:08  Zergling x2  
  25  2:14  Zergling x2  
  26  2:15  Drone  
  26  2:18  Drone  
  28  2:23  Drone x2  
  29  2:32  Zergling x2  
  29  2:34  Drone  
  30  2:41  Queen  
  30  2:44  Queen  
  32  2:50  Overlord  
  34  2:52  Drone  
  34  2:56  Drone  
  36  3:10  Zergling x2  
  36  3:11  Drone  
  36  3:12  Drone x6  
  44  3:21  Overlord  
  44  3:32  Overlord, Extractor  
  44  3:33  Drone  
  44  3:35  Hatchery  
  44  3:37  Drone  
  44  3:40  Drone  
  45  3:44  Drone  
  45  3:47  Drone  
  47  3:52  Drone, Zergling x2  
  47  3:54  Baneling Nest  
  47  3:55  Zergling x6  
  51  3:58  Drone  
  51  3:59  Drone  
  51  4:01  Drone  
  54  4:07  Zergling x2  
  56  4:10  Drone  
  56  4:14  Evolution Chamber x2  
  56  4:16  Overlord  
  54  4:21  Drone, Spore Crawler  
  54  4:27  Drone  
  55  4:32  Drone x2, Overlord  
  55  4:37  Spore Crawler  
  56  4:39  Baneling x2  
  56  4:40  Zergling x2, Baneling x2  
  56  4:42  Zerg Melee Weapons Level 1  
  56  4:46  Zergling x2  
  56  4:47  Zergling x2  
  56  4:49  Drone, Spine Crawler  
  56  4:50  Drone  
  56  4:52  Drone  
  60  4:56  Zergling x4  
  61  5:01  Drone  
  61  5:04  Zergling x4  
  61  5:07  Zergling x4  
  61  5:08  Zergling x2  
  61  5:10  Zergling x2  
  61  5:11  Zergling x4  
  61  5:13  Zergling x2  
  61  5:14  Zergling x2  
  67  5:17  Zergling x2  
  67  5:19  Zergling x2  
  63  5:28  Drone  
  57  5:29  Drone  
  57  5:30  Zergling x2  
  57  5:31  Queen x2  
  62  5:37  Queen  
  62  5:38  Drone  
  63  5:43  Drone  
  63  5:44  Zergling x2  
  63  5:45  Zergling x2  
  63  5:47  Zergling x2  
  63  5:51  Baneling x5  
  63  5:53  Zergling x2  
  63  5:55  Zerg Ground Armor Level 1  
  64  5:57  Zergling x2  
  64  5:59  Drone  
  64  6:02  Drone x2  
  64  6:03  Drone  
  69  6:04  Drone  
  69  6:10  Drone x2  
  72  6:11  Lair  
  72  6:15  Drone x2  
  72  6:16  Drone  
  72  6:17  Drone  
  76  6:24  Extractor  
  76  6:25  Drone  
  76  6:26  Drone  
  76  6:31  Spore Crawler  
  76  6:33  Drone  
  76  6:35  Drone  
  76  6:36  Overlord  
  76  6:37  Extractor  
  76  6:38  Drone, Extractor  
  77  6:40  Drone  
  77  6:41  Extractor  
  77  6:42  Drone  
  77  6:43  Drone  
  77  6:44  Zergling x2  
  77  6:45  Zergling x2  
  81  6:47  Overlord  
  81  6:51  Overlord  
  81  6:59  Drone, Overlord  
  82  7:01  Zergling x4  
  82  7:02  Overlord, Zergling x2  
  82  7:05  Baneling x3, Zergling x4  
  82  7:06  Zergling x2  
  88  7:08  Zerg Melee Weapons Level 2  
  88  7:09  Centrifical Hooks  
  88  7:12  Zergling x4  
  88  7:13  Zergling x6  
  88  7:14  Drone  
  88  7:15  Drone  
  95  7:16  Baneling  
  95  7:17  Zergling x2  
  95  7:19  Zergling x2  
  95  7:22  Zergling x2  
  98  7:25  Zergling x4  
  98  7:28  Spire  
  98  7:29  Zergling x2  
  100  7:30  Spine Crawler  
  100  7:31  Zergling x2  
  100  7:32  Zergling x2  
  100  7:33  Zergling x2  
  100  7:35  Zergling x2  
  102  7:42  Zergling x2  
  102  7:43  Zergling x6  
  102  7:49  Baneling  
  102  7:50  Baneling x2  
  102  7:52  Drone x2  
  102  7:53  Overlord  
  102  7:54  Zergling x2  
  102  7:55  Zergling x2  
  102  7:56  Zergling x2  
  102  7:57  Zergling x2  
  106  7:59  Zerg Ground Armor Level 2  
  106  8:03  Infestation Pit  
  106  8:04  Drone  
  105  8:07  Drone x2  
  105  8:08  Drone  
  105  8:09  Drone  
  105  8:11  Drone  
  105  8:12  Zergling x2  
  111  8:14  Spore Crawler  
  111  8:15  Drone  
  111  8:16  Overlord  
  111  8:17  Drone  
  112  8:21  Overlord  
  112  8:26  Hatchery  
  110  8:27  Zergling x2  
  110  8:28  Zergling x2  
  110  8:32  Overlord  
  113  8:34  Drone  
  113  8:35  Drone  
  113  8:36  Drone  
  113  8:37  Zergling x4  
  113  8:38  Spore Crawler  
  113  8:39  Zergling x2, Baneling  
  117  8:42  Corruptor  
  117  8:45  Corruptor  
  120  8:49  Baneling x2  
  120  8:50  Baneling x4  
  120  8:53  Corruptor  
  122  8:56  Corruptor  
  120  9:04  Zergling x4  
  120  9:08  Hive, Infestor  
  122  9:11  Zergling x4  
  122  9:13  Zergling x6  
  122  9:14  Zergling x2  
  127  9:20  Zergling x6  
  127  9:21  Zergling x4  
  132  9:30  Zerg Flyer Armor Level 1  
  132  9:33  Zergling x4  
  132  9:34  Drone x2  
  132  9:35  Drone  
  132  9:36  Zergling x4  
  132  9:37  Zergling x2  
  132  9:38  Zergling x4  
  140  9:39  Zergling x2  
  140  9:40  Zergling x2  
  140  9:41  Zergling x2  
  140  9:43  Baneling  
  140  9:44  Baneling x4  
  140  9:45  Zergling x2  
  140  9:48  Zergling x2  
  140  9:51  Zergling x2  
  125  9:53  Zergling x2  
  125  9:54  Zergling x2  
  125  9:55  Zergling x2  
  125  9:56  Zergling x4  
  125  9:58  Zergling x4  
  125  9:59  Zergling x2  
  118  10:02  Zergling x2  
  118  10:03  Zergling x2  
  118  10:04  Zergling x2  
  116  10:09  Drone  
  116  10:12  Drone  
  111  10:15  Drone  
  111  10:17  Hatchery  
  111  10:21  Adrenal Glands  
  111  10:22  Ultralisk Cavern  
  111  10:23  Drone  
  111  10:24  Drone  
  111  10:27  Baneling x4  
  111  10:28  Baneling x2  
  112  10:30  Drone  
  112  10:32  Zergling x4  
  112  10:34  Zergling x2  
  112  10:35  Zergling x2  
  116  10:38  Zergling x4  
  116  10:39  Zergling x2  
  115  10:49  Ultralisk Cavern  
  113  11:09  Chitinous Plating  
  113  11:11  Ultralisk x3  
  131  11:12  Zergling x4  
  131  11:14  Zergling x2  
  131  11:16  Drone  
  131  11:18  Zergling x2  
  136  11:20  Viper  
  139  11:32  Ultralisk  
  139  11:35  Zergling x4  
  139  11:36  Zergling x2  
  133  11:41  Zergling x2  
  133  11:44  Zergling x8  
  133  11:45  Zergling x2  
  133  11:46  Zergling x4  
  135  11:50  Zergling x2  
  135  11:51  Zergling x2  
  120  11:58  Ultralisk  
  116  12:03  Zergling x2  
  116  12:04  Zergling x4  
  116  12:05  Zergling x2  
  108  12:12  Ultralisk  
  108  12:14  Zergling x2  
  112  12:16  Zergling x2  
  112  12:17  Zergling x2  
  107  12:35  Zergling x2  
  107  12:36  Zergling x4  

Tags
 
Add a new tag
Caveats
  • Supply blocks, unpowered buildings, or Contaminate may cause inaccurate times.
  • Supply counts are checked every 10 seconds.